 Dungeon Crawl Stone Soup version 0.31.0-9-g3a7656b989 (webtiles) character file.

Game seed: 9088569296156583855

781 qw the Skirmisher (level 7, -3/40 HPs)
             Began as a Deep Elf Hunter on Feb 2, 2024.
             Killed from afar by Edmund (11 damage)
             ... with a puff of flame
             ... on level 4 of the Dungeon.
             The game lasted 00:00:11 (2841 turns).

qw the Skirmisher (Deep Elf Hunter)                 Turns: 2841, Time: 00:00:12

Health: -3/40      AC: 11    Str: 10    XL:     7   Next: 55%
Magic:  9/9        EV: 12    Int: 14    God:
Gold:   102        SH:  0    Dex: 18    Spells: 6/6 levels left

rFire   . . .        a - +2 shortbow
rCold   . . .        (shield currently unavailable)
rNeg    . . .        b - +0 ring mail
rPois   .            (no helmet)
rElec   .            (no cloak)
rCorr   .            i - +2 pair of gloves
SInv    .            k - +2 pair of boots
Will    .....        (no amulet)
Stlth   +            (no ring)
HPRegen 0.26/turn    (no ring)
MPRegen 0.11/turn

%: no passive effects
@: about to teleport
A: no striking features
a: no special abilities


You were on level 4 of the Dungeon.
You visited 1 branch of the dungeon, and saw 4 of its levels.

You collected 186 gold pieces.
You spent 84 gold pieces at shops.


   Skills:
 - Level 2.0 Fighting
 + Level 11.1 Ranged Weapons
 - Level 1.8 Armour
 - Level 3.9 Dodging
 - Level 1.2 Stealth


You had 6 spell levels left.
You didn't know any spells.
Your spell library was empty.

Inventory:

Hand Weapons
 a - a +2 shortbow (weapon)
Armour
 b - a +0 ring mail (worn)
 i - a +2 pair of gloves (worn)
 k - a +2 pair of boots (worn)
 m - a +0 leather armour of poison resistance
Wands
 e - a wand of polymorph (10)
 g - a wand of mindburst (1)
Scrolls
 c - 2 scrolls of revelation {unknown}
 f - a scroll of teleportation
 j - a scroll of blinking {unknown}
 l - a scroll of amnesia {unknown}
Potions
 d - 2 potions of cancellation {unknown}
 h - 2 potions of curing

Dungeon Overview and Level Annotations

Branches:
Dungeon (4/15)
 Temple: D:4-7

Altars:
Fedhas

Shops:
D:1 (   D:2 =(?

Annotations:
D:4 Edmund


Message History

You shoot an arrow. The arrow hits Edmund.
Edmund is moderately wounded.
Edmund misses you.
You shoot an arrow. The arrow hits Edmund!
Edmund is heavily wounded.
Edmund hits you with a +2 flail of holy wrath.
You shoot an arrow.
The arrow hits Edmund but does no damage.
Edmund is heavily wounded.
Edmund hits you but does no damage.
You shoot an arrow. The arrow hits Edmund!
Edmund is heavily wounded.
Edmund hits you with a +2 flail of holy wrath.
You shoot an arrow.
The arrow hits Edmund but does no damage.
Edmund is heavily wounded.
Edmund misses you.
You shoot an arrow.
The arrow hits Edmund but does no damage.
Edmund is heavily wounded.
Edmund hits you with a +2 flail of holy wrath.
You shoot an arrow. The arrow barely misses Edmund.
Edmund completely misses you.
You shoot an arrow. The arrow hits Edmund!
Edmund is severely wounded.
Edmund hits you with a +2 flail of holy wrath!
You shoot an arrow. The arrow closely misses Edmund.
Edmund barely misses you.
You shoot an arrow. The arrow barely misses Edmund.
Edmund hits you with a +2 flail of holy wrath.
You shoot an arrow.
The arrow hits Edmund but does no damage.
Edmund is severely wounded.
Edmund zaps a wand.
The puff of flame hits you.
2841 ||| READING 2 scrolls of teleportation.
As you read the scroll of teleportation, it crumbles to dust.
You feel strangely unstable.
Edmund zaps a wand.
The puff of flame hits you!
You die...
Edmund says, "I'd like to see a scythe do that!"

#...............
#...............
#####...............
#...................
#.###.......####....
## #.......# #....
###..####.......#
#....
#.......#.....).#
#....
#>...@........####....
#.###@#######.....####
...# #...).#### #....
#......... #....
#.....#### #.....
#.....# ...... #.....#
##...?.. #...%.#
#...>.#


You could see Edmund.

Vanquished Creatures
  Grinder (D:4)
  Eustachio (D:4)
  Duvessa (D:4)
  An ogre (D:4)
  Dowan (D:4)
  Ijyb (D:3)
  Natasha (thrice) (D:3)
  5 adders
  A shadow imp (D:3)
  4 ribbon worms
  2 dart slugs (D:2)
  An orc (D:4)
  2 ball pythons
  4 bats
  7 endoplasms
  5 giant cockroaches
  7 goblins
  8 hobgoblins
  3 quokkas
  4 frilled lizards
  4 kobolds
  6 rats
72 creatures vanquished.

Notes
Turn   | Place    | Note
-------+----------+-------------------------------------------
     0 | D:1      | qw the Deep Elf Hunter began the quest for the Orb.
     0 | D:1      | Reached XP level 1. HP: 12/12 MP: 3/3
     0 | D:1      | 0 ||| qw: Version: 0.3-a-155-g5e7d8dd
     0 | D:1      | 0 ||| qw: Game counter: 2693
     0 | D:1      | 0 ||| qw: Melee chars always use a shield: true
     0 | D:1      | 0 ||| qw: God list: Okawaru
     0 | D:1      | 0 ||| qw: Allow faded altars: false
     0 | D:1      | 0 ||| qw: Do Orc after clearing Dungeon:15 true
     0 | D:1      | 0 ||| qw: Do second Lair branch before Depths: true
     0 | D:1      | 0 ||| qw: Lair rune preference: random
     0 | D:1      | 0 ||| qw: Goals: Normal
     0 | D:1      | 0 ||| PLANNING D:1-11
    71 | D:1      | Found Cisyone's Weapon Shop.
    71 | D:1      | Noticed a +0 giant club
    71 | D:1      | Noticed a +0 bardiche
   117 | D:1      | 117 ||| SHOPLISTING +0 shortbow of freezing (74 gold, have
                  | 23).
   117 | D:1      | 117 ||| SHOPLISTING +6 orcbow of flaming (383 gold, have
                  | 23).
   148 | D:1      | Reached XP level 2. HP: 11/16 MP: 4/4
   184 | D:1      | Reached skill level 6 in Ranged Weapons
   379 | D:1      | Found a faded altar of an unknown god.
   924 | D:1      | 924 ||| UPGRADING to +2 pair of gloves.
   929 | D:1      | 929 ||| UPGRADING to +0 scale mail.
   939 | D:1      | 939 ||| DROPPING +0 leather armour.
   940 | D:1      | 940 ||| READING scroll labelled DUNUIT MYASY.
  1041 | D:1      | 1041 ||| READING scroll labelled KIFANA VORAM.
  1042 | D:1      | 1042 ||| READING scroll labelled TAOKHUMOUW.
  1042 | D:1      | 1042 ||| ENCHANTING +0 shortbow.
  1043 | D:1      | 1043 ||| DRINKING 2 bubbling purple potions.
  1044 | D:1      | 1044 ||| DROPPING scroll of butterflies.
  1116 | D:2      | Found Lesaeniq's Weapon Shoppe.
  1136 | D:2      | Reached XP level 3. HP: 20/20 MP: 5/5
  1246 | D:2      | Found Pitt's Magic Scroll Boutique.
  1251 | D:2      | 1251 ||| BUYING 2 scrolls of teleportation (84 gold).
  1251 | D:2      | Bought 2 scrolls of teleportation for 84 gold pieces
  1251 | D:2      | 1251 ||| SHOPLISTING scroll of enchant armour (105 gold,
                  | have 25).
  1251 | D:2      | 1251 ||| SHOPLISTING scroll of enchant weapon (105 gold,
                  | have 25).
  1251 | D:2      | 1251 ||| SHOPLISTING scroll of identify (28 gold, have 25).
  1306 | D:2      | Reached skill level 7 in Ranged Weapons
  1590 | D:2      | Found Mathubok's Jewellery Boutique.
  1594 | D:2      | 1594 ||| SHOPLISTING +6 ring of dexterity (360 gold, have
                  | 33).
  1594 | D:2      | 1594 ||| SHOPLISTING amulet of the acrobat (300 gold, have
                  | 33).
  1594 | D:2      | 1594 ||| SHOPLISTING ring of positive energy (200 gold,
                  | have 33).
  1594 | D:2      | 1594 ||| SHOPLISTING ring of protection from cold (250
                  | gold, have 33).
  1594 | D:2      | 1594 ||| SHOPLISTING ring of resist corrosion (200 gold,
                  | have 33).
  1601 | D:2      | 1601 ||| UPGRADING to +0 ring mail.
  1611 | D:2      | 1611 ||| DROPPING +0 scale mail.
  1612 | D:2      | 1612 ||| UPGRADING to +0 pair of boots.
  1617 | D:2      | 1617 ||| READING scroll labelled TYASTO BOMM.
  1617 | D:2      | 1617 ||| IDENTIFYING fuming puce potion
  1618 | D:2      | 1618 ||| READING scroll labelled ZUYSIL MUJEC.
  1619 | D:2      | 1619 ||| READING scroll labelled LONOT OKINAWKI.
  1620 | D:2      | 1620 ||| DROPPING potion of magic.
  1713 | D:3      | Reached XP level 4. HP: 14/25 MP: 6/6
  1781 | D:3      | Noticed Natasha
  1785 | D:3      | Killed Natasha
  1822 | D:3      | Reached skill level 8 in Ranged Weapons
  1856 | D:3      | Noticed Natasha
  1864 | D:3      | Killed Natasha
  1880 | D:3      | Noticed Ijyb
  1883 | D:3      | 1883 ||| FLEEEEING.
  1884 | D:3      | 1884 ||| FLEEEEING.
  1885 | D:3      | 1885 ||| FLEEEEING.
  1886 | D:3      | 1886 ||| FLEEEEING.
  1887 | D:3      | 1887 ||| FLEEEEING.
  1888 | D:3      | 1888 ||| FLEEEEING.
  1889 | D:3      | 1889 ||| FLEEEEING.
  1890 | D:3      | 1890 ||| FLEEEEING.
  1891 | D:3      | 1891 ||| FLEEEEING.
  1892 | D:3      | 1892 ||| FLEEEEING.
  1893 | D:3      | 1893 ||| FLEEEEING.
  1894 | D:3      | 1894 ||| FLEEEEING.
  1895 | D:3      | 1895 ||| FLEEEEING.
  1896 | D:3      | 1896 ||| FLEEEEING.
  1897 | D:3      | 1897 ||| FLEEEEING.
  1898 | D:3      | 1898 ||| FLEEEEING.
  1899 | D:3      | 1899 ||| FLEEEEING.
  1913 | D:3      | Killed Ijyb
  1914 | D:3      | Reached XP level 5. HP: 14/29 MP: 7/7
  1970 | D:3      | Noticed Natasha
  1971 | D:3      | 1971 ||| FLEEEEING.
  1979 | D:3      | 1979 ||| FLEEEEING.
  1980 | D:3      | 1980 ||| FLEEEEING.
  2064 | D:3      | Killed Natasha
  2116 | D:3      | Reached skill level 9 in Ranged Weapons
  2308 | D:3      | Found a blossoming altar of Fedhas.
  2459 | D:3      | 2459 ||| READING scroll of identify.
  2459 | D:3      | 2459 ||| IDENTIFYING scroll labelled KEOKEI NITWOTA
  2460 | D:3      | 2460 ||| READING scroll labelled PAXKUESUZI.
  2460 | D:3      | 2460 ||| ENCHANTING +0 pair of boots.
  2461 | D:3      | 2461 ||| DROPPING scroll of vulnerability.
  2539 | D:4      | Noticed an ogre
  2541 | D:4      | 2541 ||| ZAPPING wand of mindburst (17) at 0,1 (ogre;
                  | floor).
  2542 | D:4      | 2542 ||| ZAPPING wand of mindburst (16) at 0,1 (ogre;
                  | floor).
  2542 | D:4      | Killed an ogre
  2543 | D:4      | Reached skill level 1 in Armour
  2543 | D:4      | Reached XP level 6. HP: 31/35 MP: 8/8
  2594 | D:4      | Noticed Grinder
  2594 | D:4      | Paralysed by Grinder for 4 turns
  2598 | D:4      | 2598 ||| ZAPPING wand of mindburst (15) at 4,2 (Grinder;
                  | floor).
  2599 | D:4      | 2599 ||| ZAPPING wand of mindburst (14) at 3,1 (Grinder;
                  | floor).
  2600 | D:4      | 2600 ||| ZAPPING wand of mindburst (13) at 2,1 (Grinder;
                  | floor).
  2600 | D:4      | Killed Grinder
  2601 | D:4      | Reached skill level 10 in Ranged Weapons
  2619 | D:4      | 2619 ||| READING scroll of enchant weapon.
  2619 | D:4      | 2619 ||| ENCHANTING +1 shortbow.
  2668 | D:4      | 2668 ||| READING scroll of enchant armour.
  2668 | D:4      | 2668 ||| ENCHANTING +1 pair of boots.
  2767 | D:4      | Noticed Duvessa
  2767 | D:4      | Noticed Dowan
  2768 | D:4      | 2768 ||| ZAPPING wand of mindburst (12) at -3,-4 (Duvessa;
                  | floor).
  2769 | D:4      | 2769 ||| ZAPPING wand of mindburst (11) at -3,-3 (Duvessa;
                  | floor).
  2770 | D:4      | 2770 ||| ZAPPING wand of mindburst (10) at -2,-2 (Duvessa;
                  | floor).
  2770 | D:4      | Killed Duvessa
  2771 | D:4      | Reached skill level 3 in Dodging
  2771 | D:4      | Reached XP level 7. HP: 40/40 MP: 9/9
  2771 | D:4      | 2771 ||| ZAPPING wand of mindburst (9) at -2,-2 (Dowan;
                  | floor).
  2772 | D:4      | 2772 ||| ZAPPING wand of mindburst (8) at 3,2 (Dowan;
                  | floor).
  2773 | D:4      | 2773 ||| ZAPPING wand of mindburst (7) at 3,2 (Dowan;
                  | floor).
  2774 | D:4      | 2774 ||| ZAPPING wand of mindburst (6) at 2,1 (Dowan;
                  | floor).
  2774 | D:4      | Killed Dowan
  2817 | D:4      | Noticed Eustachio
  2818 | D:4      | 2818 ||| ZAPPING wand of mindburst (5) at -2,5 (Eustachio;
                  | floor).
  2819 | D:4      | 2819 ||| ZAPPING wand of mindburst (4) at -1,4 (Eustachio;
                  | floor).
  2820 | D:4      | Noticed Edmund
  2821 | D:4      | 2821 ||| ZAPPING wand of mindburst (3) at 0,2 (Eustachio;
                  | floor).
  2822 | D:4      | 2822 ||| ZAPPING wand of mindburst (2) at 0,1 (Eustachio;
                  | floor).
  2822 | D:4      | Killed Eustachio
  2823 | D:4      | Reached skill level 11 in Ranged Weapons
  2840 | D:4      | HP: 7/40 [Edmund/puff of flame (5)]
  2841 | D:4      | 2841 ||| READING 2 scrolls of teleportation.
  2841 | D:4      | Killed from afar by Edmund

Levels and vault maps discovered:
D:1:      minmay_arrival_semitransparent, layout_loops_corners,
          shapermc_ecumenical_altar_mp_highgroup, serial_shops,
          nicolae_shop_mannequins
D:2:      layout_loops_ring, serial_shops, nicolae_shop_behind_doors,
          nicolae_shop_tiny_statue_garden, shop
D:3:      layout_basic, fedhas_altar_fruit_tree, kennysheep_crisscross,
          uniq_ijyb, uniq_natasha
D:4:      layout_basic, uniq_eustachio, uniq_grinder, uniq_edmund, uniq_duvessa

Skill      XL: |  1  2  3  4  5  6  7 |
---------------+----------------------+-----
Ranged Weapons | 6 7 8 9 10 11 | 11.1
Fighting       | 2 |  2.0
Armour         | 1 |  1.8
Dodging        | 3 |  3.9
Stealth        | |  1.2

Action                     |  1- 3 |  4- 6 |  7- 9 || total
---------------------------+-------+-------+-------++-------
   Fire: Shortbow          |   115 |   101 |    18 ||   234
  Evoke: Wand              |       |     8 |     8 ||    16
    Use: Scroll            |     6 |     4 |     1 ||    11
         Potion            |     1 |       |       ||     1
 Armour: Leather armour    |     3 |       |       ||     3
         Scale mail        |    12 |       |       ||    12
         Ring mail         |     3 |    41 |    11 ||    55
  Dodge: Dodged            |    19 |    36 |     6 ||    61

Table legend:
 A = Non-vault XP
 B = Vault XP
 C = Vault XP percentage of total XP
 D = Non-vault monster count
 E = Vault monster count
 F = Vault count percentage of total count
                 A         B        C        D         E       F
            +---------+---------+-------+---------+---------+-------
      Total |     370 |     746 |  66.8 |      66 |       6 |   8.3
            +---------+---------+-------+---------+---------+-------
        D:1 |      29 |       0 |   0.0 |      19 |       0 |   0.0
        D:2 |      54 |       0 |   0.0 |      18 |       0 |   0.0
        D:3 |     158 |      69 |  30.4 |      21 |       2 |   8.7
        D:4 |     129 |     677 |  84.0 |       8 |       4 |  33.3
            +---------+---------+-------+---------+---------+-------
